 Dungeon Crawl Stone Soup version 0.29.1-2-gbd0b4ee654 (webtiles) character file.

Game seed: 18004301850883091749

8730 Sabo the Cleaver (level 11, -9/83 HPs)
             Began as a Demonspawn Berserker on Nov 24, 2022.
             Was a High Priest of Trog.
             Mangled by an orc warrior
             ... wielding a +0 short sword
              (10 damage)
             ... on level 10 of the Dungeon on Nov 25, 2022.
             The game lasted 00:55:56 (11703 turns).

Sabo the Cleaver (Demonspawn Berserker)            Turns: 11703, Time: 00:55:56

Health: -9/83      AC: 16    Str: 23    XL:     11   Next: 13%
Magic:  11/11      EV:  9    Int:  8    God:    Trog [*****.]
Gold:   350        SH: 13    Dex: 12    Spells: 10/10 levels left

rFire   . . .      SeeInvis .   u - +4 hand axe
rCold   . . .      Faith    .   y - +2 buckler
rNeg    . . .      Spirit   .   w - +1 chain mail of the Farrier {Regen+}
rPois   .          Reflect  .   g - +0 hat
rElec   .          Harm     .   p - +0 cloak
rCorr   .          Rampage  .   (no gloves)
Will    .....                   k - +2 pair of boots
Stlth   ..........              z - amulet of the acrobat
HPRegen 1.03/turn               (no ring)
MPRegen 0.12/turn               (no ring)

@: no status effects
A: horns 1, large bone plates 2, icemail 1, condensation shield
a: Renounce Religion, Berserk, Trog's Hand, Brothers in Arms


You were on level 10 of the Dungeon.
You worshipped Trog.
Trog was extremely pleased with you.
You visited 1 branch of the dungeon, and saw 10 of its levels.

You collected 616 gold pieces.
You spent 266 gold pieces at shops.

Inventory:

Hand Weapons
 h - a +4 quarterstaff of chaos
 n - a +1 arbalest of flaming
 t - a +0 war axe
 u - a +4 hand axe (weapon)
 G - a +2 halberd of venom
Missiles
 f - a throwing net
 i - 6 poisoned darts (quivered)
Armour
 g - a +0 hat (worn)
 k - a +2 pair of boots (worn)
 p - a +0 cloak (worn)
 w - the +1 chain mail of the Farrier (worn) {Regen+}
   (You bought it in a shop on level 2 of the Dungeon)

   Regen:     It increases your rate of health regeneration.
 y - a +2 buckler (worn)
 C - a +2 chain mail of positive energy
Jewellery
 z - an amulet of the acrobat (around neck)
Wands
 o - a wand of roots (22)
 x - a wand of digging (8)
Scrolls
 c - a scroll of magic mapping
 r - 2 scrolls of enchant weapon
 s - a scroll of teleportation
 v - a scroll of fog
 A - a scroll of silence
 F - a scroll of summoning
Potions
 a - a potion of brilliance {unknown}
 b - 5 potions of curing
 d - a potion of mutation {unknown}
 e - 2 potions of heal wounds {unknown}
 j - a potion of ambrosia {unknown}
 m - 3 potions of might
 q - a potion of resistance
 B - a potion of degeneration {unknown}


   Skills:
 + Level 6.5 Fighting
 + Level 10.8 Axes
 + Level 6.8 Armour
 + Level 5.2 Dodging
 + Level 1.0 Stealth
 + Level 6.9 Shields


You had 10 spell levels left.
You didn't know any spells.
Your spell library was empty.

Dungeon Overview and Level Annotations

Branches:
Dungeon (10/15)            Temple (0/1) D:6            Lair (0/5) D:9
    Orc: D:9-12

Altars:
Fedhas
Qazlal
Vehumet

Shops:
D:2 *   D:4 (


Innate Abilities, Weirdness & Mutations

You have a pair of small horns on your head.
You are mostly covered in large bone plates. (SH +6)
A meltable icy envelope protects you from harm. (AC +0)
A meltable shield of frost defends you. (SH +0)


Message History

You feel a bit more experienced.
You barely miss the orc warrior. You barely miss the troll.
You headbutt the troll.
The troll is heavily wounded.
You hit the orc warrior. You block the troll's attack. x2
The troll closely misses you.
The orc warrior hits you but does no damage.
You barely miss the troll.
The troll is heavily wounded.
You hit the orc warrior but do no damage.
You block the troll's attack. x2; The troll claws you.
The orc warrior closely misses you.
You closely miss the troll. Your headbutt misses the troll.
The troll is heavily wounded.
You hit the orc warrior but do no damage.
You block the troll's attack. x2; The troll claws you but does no damage.
The orc warrior hits you with a +0 short sword.
You hit the troll.
You headbutt the troll, but do no damage.
The troll is heavily wounded.
You hit the orc warrior. You hit the troll.
The troll is heavily wounded.
You hit the orc warrior. The troll bites you.
The troll claws you but does no damage. x2
The orc warrior hits you with a +0 short sword.
You closely miss the troll.
The troll is heavily wounded.
You barely miss the orc warrior. The troll bites you!
* * * LOW HITPOINT WARNING * * *
You block the troll's attack. The troll claws you but does no damage.
You block the orc warrior's attack.
You closely miss the troll.
The troll is heavily wounded.
You hit the orc warrior but do no damage.
The troll bites you!
* * * LOW HITPOINT WARNING * * *
You block the troll's attack. The troll claws you!
* * * LOW HITPOINT WARNING * * *
The orc warrior hits you with a +0 short sword!
You die...

#.....#...#..# .
.....#..†# .# #....#.††#
## #....#.††# .#
#....#..)#..#
###########....#...#..#
.......).......###...##
.......))To...........#
##.......)@.............#
#.......................#
#........................
#........................
#........................
#........................
#........................
.######........


You could see a troll and an orc warrior.

Vanquished Creatures
  Erolcha (D:10)
  Joseph (D:7)
  4 komodo dragons (D:9)
  A troll (D:9)
  Prince Ribbit (D:7)
  The ghost of mkat the Shooter, an amateur DEAK of Lugonu (D:5)
  2 wyverns (D:9)
  6 yaks (D:10)
  A basilisk (D:9)
  2 steam dragons (D:9)
  Menkaure (D:4)
  Duvessa (D:7)
  2 water moccasins (D:6)
  A sky beast (D:6)
  A black bear (D:5)
  2 ice beasts
  8 orc warriors
  A phantom (D:5)
  5 centaurs
  4 ogres
  2 bullfrogs
  A kobold brigand (D:5)
  5 scorpions
  A gnoll sergeant (D:9)
  Dowan (D:7)
  5 killer bees (D:9)
  4 howler monkeys
  6 hounds
  4 jellies
  Crazy Yiuf (D:2)
  2 orc priests
  12 iguanas
  Natasha (D:4)
  13 orc wizards
  11 gnolls
  8 adders
  3 ufetubi
  A worm (D:5)
  2 dart slugs
  41 orcs
  2 bats (D:2)
  5 endoplasms
  2 giant cockroaches
  7 goblins
  5 hobgoblins
  6 quokkas
  9 ball pythons
  13 frilled lizards
  10 kobolds
  7 rats
236 creatures vanquished.

Vanquished Creatures (others)
  A gnoll (D:7)
  2 frilled lizards (D:10)
  3 fungi (D:5)
  7 plants
13 creatures vanquished.

Grand Total: 249 creatures vanquished

Notes
Turn   | Place    | Note
-------+----------+-------------------------------------------
     0 | D:1      | Sabo the Demonspawn Berserker began the quest for the Orb.
     0 | D:1      | Reached XP level 1. HP: 18/18 MP: 1/1
   733 | D:1      | Gained mutation: You are partially covered in large bone
                  | plates. (SH +4) [demonic ancestry]
   733 | D:1      | Reached XP level 2. HP: 24/24 MP: 2/2
  1302 | D:2      | Reached skill level 3 in Axes
  1524 | D:2      | Reached XP level 3. HP: 29/29 MP: 3/3
  1917 | D:2      | Reached ** piety under Trog
  2111 | D:2      | Found Vualog's Assorted Antiques.
  2355 | D:2      | Found a runed translucent door.
  2356 | D:2      | Noticed Crazy Yiuf
  2363 | D:2      | Killed Crazy Yiuf
  2364 | D:2      | Reached XP level 4. HP: 35/35 MP: 4/4
  2670 | D:3      | Found a stormy altar of Qazlal.
  2739 | D:3      | Noticed an ogre
  2745 | D:3      | Killed an ogre
  2746 | D:3      | Reached skill level 4 in Axes
  2746 | D:3      | Reached XP level 5. HP: 41/41 MP: 5/5
  3587 | D:4      | Gained mutation: A meltable shield of frost defends you.
                  | (SH +0) [demonic ancestry]
  3587 | D:4      | Reached XP level 6. HP: 42/47 MP: 6/6
  3953 | D:4      | Noticed Menkaure
  3966 | D:4      | Killed Menkaure
  3967 | D:4      | Reached skill level 5 in Axes
  3967 | D:4      | Reached skill level 1 in Shields
  4326 | D:4      | Reached *** piety under Trog
  4337 | D:4      | Reached XP level 7. HP: 47/53 MP: 7/7
  4347 | D:4      | Noticed Natasha
  4356 | D:4      | Killed Natasha
  4846 | D:4      | Found Faholis's Antique Weapon Shoppe.
  5372 | D:2      | Bought a smelly chain mail for 266 gold pieces
  5372 | D:2      | Identified the +1 chain mail of the Farrier {Regen+} (You
                  | bought it in a shop on level 2 of the Dungeon)
  5498 | D:5      | Entered Level 5 of the Dungeon
  5585 | D:5      | Reached skill level 6 in Axes
  5755 | D:5      | Found a runed translucent gate.
  5755 | D:5      | Found a runed translucent gate.
  5755 | D:5      | Found a runed translucent gate.
  5755 | D:5      | Noticed mkat's ghost (amateur DEAK)
  6093 | D:5      | Gained mutation: You have a pair of small horns on your
                  | head. [demonic ancestry]
  6093 | D:5      | Reached XP level 8. HP: 53/60 MP: 8/8
  6746 | D:5      | Killed mkat's ghost
  6747 | D:5      | Reached skill level 1 in Stealth
  6967 | D:6      | Reached skill level 7 in Axes
  7164 | D:6      | Found a staircase to the Ecumenical Temple.
  7319 | D:6      | Gained mutation: You are mostly covered in large bone
                  | plates. (SH +6) [demonic ancestry]
  7319 | D:6      | Reached XP level 9. HP: 66/66 MP: 9/9
  7328 | D:6      | Reached **** piety under Trog
  7608 | D:7      | Noticed Duvessa
  7608 | D:7      | Noticed Dowan
  7608 | D:7      | Noticed Prince Ribbit
  7634 | D:7      | Killed Duvessa
  7635 | D:7      | Reached skill level 8 in Axes
  7637 | D:7      | Killed Dowan
  7682 | D:7      | Killed Prince Ribbit
  7683 | D:7      | Reached skill level 5 in Fighting
  7898 | D:7      | Noticed Joseph
  7916 | D:7      | Killed Joseph
  7917 | D:7      | Reached skill level 5 in Armour
  8182 | D:7      | Reached skill level 5 in Shields
  8821 | D:8      | Reached skill level 9 in Axes
  9780 | D:9      | Noticed a troll
  9791 | D:9      | Killed a troll
  9792 | D:9      | Reached XP level 10. HP: 32/76 MP: 10/10
 10120 | D:9      | Reached ***** piety under Trog
 10469 | D:9      | Reached skill level 10 in Axes
 10704 | D:9      | Found a staircase to the Lair.
 11176 | D:10     | Entered Level 10 of the Dungeon
 11206 | D:10     | Reached skill level 5 in Dodging
 11216 | D:10     | Gained mutation: A meltable icy envelope protects you from
                  | harm. (AC +0) [demonic ancestry]
 11216 | D:10     | Reached XP level 11. HP: 56/82 MP: 11/11
 11278 | D:10     | Found a radiant altar of Vehumet.
 11418 | D:10     | Found a blossoming altar of Fedhas.
 11512 | D:10     | Noticed Erolcha
 11636 | D:10     | Killed Erolcha
 11703 | D:10     | HP: 1/83 [troll (11)]
 11703 | D:10     | Mangled by an orc warrior

Illustrated notes

Levels and vault maps discovered:
D:1:      minmay_arrival_radiant_lines, layout_rooms, kennysheep_pointless_box
D:2:      layout_basic, serial_shops, nicolae_shop_statue_plus,
          kennysheep_boxes, uniq_crazy_yiuf_cottage
D:3:      minmay_diamond_boxcup, layout_basic, nicolae_qazlal_scattered_showers
D:4:      layout_basic, serial_shops, nicolae_shop_waterfront, uniq_natasha,
          uniq_menkaure
D:5:      layout_loops_ring, gammafunk_ghost_nasty_kobolds, small_statue_alley_b
D:6:      layout_rooms, minmay_temple_entry_enclosed_plants
D:7:      nicolae_cairo_tiling_large, layout_basic,
          mainiacjoe_overflow_concentric_impassable, uniq_joseph, uniq_duvessa,
          uniq_prince_ribbit1
D:8:      layout_basic
D:9:      layout_cave_pools, erik_lair_dragon, minmay_lizard_king
D:10:     lemuel_reptile_caves, layout_irregular_city, kennysheep_mini_moat,
          mainiacjoe_overflow_catwalk_spiral, hangedman_abyss_or_decor_stagger,
          uniq_psyche, uniq_nergalle, uniq_erolcha

Skill      XL: |  1  2  3  4  5  6  7  8  9 10 |
---------------+-------------------------------+-----
Armour         | 2 3 4 5 6 |  6.8
Dodging        | 2 3 4 5 |  5.2
Axes           | 3 4 5 6 7 9 10 | 10.8
Shields        | 1 2 3 5 6 |  6.9
Fighting       | 4 5 6 |  6.5
Stealth        | 1 |  1.0

Action                   |  1- 3 |  4- 6 |  7- 9 | 10-12 || total
-------------------------+-------+-------+-------+-------++-------
Melee: Hand axe          |    96 |    38 |   436 |   329 ||   899
       War axe           |       |    89 |     7 |       ||    96
       Punch             |       |       |     5 |       ||     5
       Headbutt          |       |       |    57 |    87 ||   144
Invok: Berserk           |     1 |     2 |     4 |     4 ||    11
Evoke: Wand              |       |       |       |     1 ||     1
  Use: Scroll            |     3 |     3 |     3 |     7 ||    16
       Potion            |       |       |     2 |       ||     2
Armor: Ring mail         |    33 |     9 |       |       ||    42
       Animal skin       |     1 |       |       |       ||     1
       Chain mail        |       |    34 |   153 |   130 ||   317
Dodge: Dodged            |    66 |    62 |   120 |   112 ||   360
Block: Other             |    11 |    35 |    68 |       ||   114
       Buckler           |       |       |   219 |   237 ||   456
